 Dungeon Crawl Stone Soup version 0.29.1-1-gd02db6906a (webtiles) character file.

Game seed: 11287144760599533221

2103 xian the Conjurer (level 9, -8/43 HPs)
             Began as a Vine Stalker Conjurer on Oct 4, 2022.
             Was a Follower of Sif Muna.
             Mangled by a two-headed ogre
             ... wielding a +0 giant club
              (19 damage)
             ... on level 6 of the Dungeon.
             The game lasted 00:18:13 (7848 turns).

xian the Conjurer (Vine Stalker Conjurer)           Turns: 7848, Time: 00:18:14

Health: -8/43      AC:  6    Str: 10    XL:     9   Next: 28%
Magic:  0/17       EV: 12    Int: 20    God:    Sif Muna [*.....]
Gold:   543        SH:  6    Dex: 19    Spells: 13/20 levels left

rFire   + . .      SeeInvis .   t - +6 dagger of War {distort, +Blink rElec rF+}
rCold   + . .      Faith    .   i - +0 buckler
rNeg    . . .      Spirit   +   h - +1 leather armour {rPois}
rPois   +          Reflect  .   (no helmet)
rElec   +          Harm     .   D - +0 cloak
rCorr   .          Rampage  .   B - +0 pair of gloves
Will    +....                   (no boots)
Stlth   ++........              (no amulet)
HPRegen 1.74/turn               j - +6 ring of dexterity
MPRegen 0.15/turn               C - ring of protection from cold

@: no status effects
A: fangs 3, regeneration 2, magic shield, antimagic bite, no potion heal 2,
dopey 1, low MP 1
a: Renounce Religion, Evoke Blink, Channel Magic


You were on level 6 of the Dungeon.
You worshipped Sif Muna.
Sif Muna was aware of your devotion.
You visited 1 branch of the dungeon, and saw 6 of its levels.
You also visited: Sewer and Ossuary.

You collected 543 gold pieces.

Inventory:

Hand Weapons
 q - a +0 short sword
 t - the +6 dagger of War (weapon) {distort, +Blink rElec rF+}
   (You found it on level 2 of the Dungeon)

   It warps and distorts space around it, and may blink, banish, or inflict
   extra damage upon those it strikes.
   Unwielding it can cause banishment or high damage.
   rF:        It protects you from fire.
   rElec:     It insulates you from electricity.
   +Blink:    It lets you blink.
 y - the +5 rapier of Floods {vorpal, Stlth+}
   (You found it on level 3 of the Dungeon)

   It inflicts extra damage upon your enemies.
   Stlth:     It makes you more stealthy.
 A - the +3 hand axe "Nyth" {drain, rElec rF+ Int+3}
   (You took it off an orc on level 4 of the Dungeon)

   A truly terrible weapon, it drains the life of any living foe it strikes.
   Int:       It affects your intelligence (+3).
   rF:        It protects you from fire.
   rElec:     It insulates you from electricity.
Armour
 a - a +0 tower shield
 h - a +1 leather armour of poison resistance (worn)
 i - a +0 buckler (worn)
 B - a +0 pair of gloves (worn)
 D - a +0 cloak (worn)
Jewellery
 j - a +6 ring of dexterity (left hand)
 C - a ring of protection from cold (right hand)
Wands
 E - a wand of light (1)
 F - a wand of mindburst (17)
Scrolls
 c - 3 scrolls of immolation
 m - 2 scrolls of fear
 n - a scroll of amnesia
 r - 2 scrolls of fog
 v - 2 scrolls of summoning
 w - a scroll of blinking
 z - 2 scrolls of teleportation
Potions
 b - a potion of magic
 e - a potion of invisibility
 f - a potion of cancellation {unknown}
 g - 2 potions of curing
 k - a potion of brilliance {unknown}
 l - a potion of attraction {unknown}
 o - 3 potions of mutation
 p - 2 potions of haste {unknown}
 s - a potion of might {unknown}
 u - 2 potions of flight {unknown}
 x - a potion of lignification {unknown}
 G - a potion of resistance {unknown}


   Skills:
 + Level 2.6 Fighting
 + Level 2.0 Short Blades
 + Level 1.3 Maces & Flails
 + Level 3.3 Armour
 + Level 3.1 Dodging
 + Level 3.5 Stealth
 * Level 4.4 Shields
 + Level 6.0 Spellcasting
 + Level 6.6 Conjurations
 * Level 1.3 Invocations


You had 13 spell levels left.
You knew the following spells:

 Your Spells              Type           Power      Damage    Failure   Level
a - Magic Dart            Conj           100%       1d8       1%          1
b - Searing Ray           Conj           64%        2d6       1%          2
c - Iskenderun's Mystic   Conj/Tloc      19%        2d6       43%         4

Your spell library contained the following spells:

 Spells                   Type           Power      Damage    Failure   Level
 Dazzling Flash           Conj/Hex       38%        N/A       14%         3
 Sting                    Tmut/Pois      24%        1d4       19%         1
 Summon Small Mammal      Summ           24%        N/A       19%         1
 Poisonous Vapours        Pois/Air       12%        N/A       26%         2
 Fulminant Prism          Conj/Hex       9%         3d7       43%         4
 Call Canine Familiar     Summ           6%         N/A       47%         3
 Summon Guardian Golem    Hex/Summ       6%         N/A       47%         3
 Animate Armour           Summ/Erth      12%        N/A       87%         4
 Olgreb's Toxic Radiance  Pois           6%         N/A       87%         4
 Blade Hands              Tmut           3%         N/A       99%         5
 Iron Shot                Conj/Erth      9%         9d3       100%        6
 Starburst                Conj/Fire      9%         6d5       100%        6


Dungeon Overview and Level Annotations

Branches:
Dungeon (6/15)             Temple (0/1) D:5           Sewer (visited)
Ossuary (visited)

Altars:
Makhleb
Sif Muna


Innate Abilities, Weirdness & Mutations

You have razor-sharp teeth.
You heal very quickly.
When hurt, damage is shared between your health and your magic reserves.
Your bite disrupts and absorbs the magic of your enemies.
Potions cannot restore your health.
You are dopey. (Int -2)
Your magical capacity is low. (-10% MP)


Message History

The two-headed ogre blinks!
The orc closely misses you.
You hit the orc.
You kill the orc!
Sif Muna accepts your kill.
You hit the two-headed ogre.
Space warps around the two-headed ogre.
The two-headed ogre is moderately wounded.
You flicker back into view.
The two-headed ogre hits you with a +0 giant club!!!
Ouch! That really hurt!
The two-headed ogre hits you with a +0 giant spiked club!!
* * * LOW HITPOINT WARNING * * *
Blink to where?
Press: ? - help, Dir - move target
As you read the scroll of blinking, it crumbles to dust.
Really read the scroll of immolation?
As you read the scroll of immolation, it crumbles to dust.
The creatures around you are filled with an inner flame!
You are too injured to fight recklessly!
Aiming: Magic Dart (safe; 1% risk of failure)
Press: ? - help, Q - select action, (/) - cycle Shift-Dir - straight line, f - two-headed ogre
Aim: a two-headed ogre, wielding a +0 giant club and a +0 giant spiked club (moderately wounded, inner flame, 100% to hit)
The magic dart hits the two-headed ogre!
Flame seeps out of the two-headed ogre.
The two-headed ogre is moderately wounded.
The two-headed ogre is engulfed in blazing flames.
Flame seeps out of the two-headed ogre.
Aiming: Mindburst
Press: ? - help, Shift-Dir - straight line, f/p - two-headed ogre
Aim: a two-headed ogre, wielding a +0 giant club and a +0 giant spiked club (severely wounded, inner flame, chance to affect: 47%)
The two-headed ogre resists with some effort.
Aiming: Bolt of Light
Press: ? - help, Shift-Dir - straight line, f/p - two-headed ogre
Aim: a two-headed ogre, wielding a +0 giant club and a +0 giant spiked club (heavily wounded, inner flame, 86% to hit)
The bolt of light misses the two-headed ogre.
The two-headed ogre attacks as you move away!
The two-headed ogre hits you with a +0 giant club!!
* * * LOW HITPOINT WARNING * * *
The two-headed ogre hits you with a +0 giant spiked club!!
You die...

.#.###.###.....##.##....#
.#.....# #.....##.##.##.#
.##.#.## ###............#
.......# #.#####.#.####
#.#.##.# #.#####.#.#
#.#.##.# #.##......#
#.#....### #.##.##.###
#........# #.......#
#..##..#.# #....@..#
#..(...#.###.##O##.#
)#.##...........##.#
)#.#####.###.#####.#
...).....# #.#####.#
##.####### #.......# #.#
######### #.# #.#


You could see a two-headed ogre (inner flame).

Vanquished Creatures
  Pikel (D:4)
  Sigmund (D:5)
  A water moccasin (D:6)
  3 black bears
  An ice beast (D:3)
  An ogre (D:5)
  2 elf zombies (Ossuary)
  A lemure (D:4)
  A kobold brigand (D:6)
  A scorpion (D:6)
  A human zombie (Ossuary)
  2 hounds
  A gnoll bouda (D:5)
  2 iguanas (D:5)
  3 orc wizards
  3 mummies
  19 adders
  6 gnolls
  4 river rats
  3 worms (D:2)
  A dart slug (D:2)
  14 orcs
  7 ball pythons
  8 bats
  6 endoplasms
  5 giant cockroaches
  4 goblins
  7 hobgoblins
  8 jackals
  5 quokkas
  16 frilled lizards
  3 gnoll zombies (Ossuary)
  6 goblin zombies
  2 hobgoblin zombies (Ossuary)
  16 kobolds
  2 orc zombies
  14 rats
181 creatures vanquished.

Notes
Turn   | Place    | Note
-------+----------+-------------------------------------------
     0 | D:1      | xian the Vine Stalker Conjurer began the quest for the Orb.
     0 | D:1      | Reached XP level 1. HP: 9/9 MP: 4/4
   142 | D:1      | Reached XP level 2. HP: 13/13 MP: 0/6
   198 | D:1      | Learned a level 2 spell: Searing Ray
   761 | D:1      | Found a faded altar of an unknown god.
  1170 | D:2      | Reached XP level 3. HP: 16/16 MP: 5/7
  1711 | D:2      | Gained mutation: Your natural rate of healing is unusually
                  | fast. [Vine Stalker growth]
  1711 | D:2      | Reached XP level 4. HP: 21/21 MP: 4/9
  1991 | D:2      | Reached skill level 1 in Maces & Flails
  2975 | D:2      | Identified the +6 dagger of War {distort, +Blink rElec rF+}
  2993 | D:2      | Reached XP level 5. HP: 23/24 MP: 8/10
  3069 | D:3      | Found a glowing drain.
  3108 | Sewer    | Entered a sewer
  3321 | Sewer    | Reached skill level 1 in Armour
  3989 | D:3      | Noticed an ice beast
  4007 | D:3      | Killed an ice beast
  4008 | D:3      | Reached skill level 1 in Short Blades
  4008 | D:3      | Reached skill level 1 in Shields
  4008 | D:3      | Reached skill level 5 in Conjurations
  4008 | D:3      | Reached XP level 6. HP: 9/29 MP: 0/12
  4223 | D:3      | Found a shimmering blue altar of Sif Muna.
  4246 | D:3      | Identified the +5 rapier of Floods {vorpal, Stlth+}
  4727 | D:3      | Became a worshipper of Sif Muna the Loreminder
  4801 | D:4      | Noticed a black bear
  4806 | D:4      | Killed a black bear
  4840 | D:4      | Identified the +3 hand axe "Nyth" {drain, rElec rF+ Int+3}
  4841 | D:4      | Reached XP level 7. HP: 32/32 MP: 8/13
  4917 | D:4      | Found a sand-covered staircase.
  4932 | Ossuary  | Entered an ossuary
  5891 | D:4      | Reached * piety under Sif Muna
  5987 | D:4      | Learned a level 4 spell: Iskenderun's Mystic Blast
  6134 | D:5      | Entered Level 5 of the Dungeon
  6134 | D:5      | Noticed Pikel
  6331 | D:5      | Reached skill level 1 in Fighting
  6331 | D:5      | Reached skill level 5 in Spellcasting
  6331 | D:5      | Gained mutation: You have razor-sharp teeth. [Vine Stalker
                  | growth]
  6331 | D:5      | Reached XP level 8. HP: 26/37 MP: 3/16
  6491 | D:5      | Noticed Sigmund
  6507 | D:5      | Killed Sigmund
  6659 | D:4      | Killed Pikel
  6832 | D:5      | Reached XP level 9. HP: 42/42 MP: 11/18
  6903 | D:5      | Found a staircase to the Ecumenical Temple.
  7270 | D:6      | Found a burning altar of Makhleb.
  7550 | D:6      | Reached skill level 1 in Invocations
  7760 | D:6      | Noticed a two-headed ogre
  7799 | D:6      | Gained mutation: You heal very quickly. [potion of
                  | mutation]
  7799 | D:6      | Gained mutation: Your magical capacity is low. (-10% MP)
                  | [potion of mutation]
  7799 | D:6      | Gained mutation: You are dopey. (Int -2) [potion of
                  | mutation]
  7848 | D:6      | Mangled by a two-headed ogre

Illustrated notes

Levels and vault maps discovered:
D:1:      minmay_arrival_pointy, layout_rooms,
          hellmonk_ecumenical_altar_inner_sanctum
D:2:      minmay_thinvault, layout_loops_ring, kennysheep_generic_room_12
D:3:      layout_basic, nicolae_sif_muna_condensation, portal_sewer_entry_a,
          skrybe_limestone_x, minmay_crystal_room
D:4:      layout_basic, nicolae_ossuary_entry_giza
D:5:      layout_rooms, minmay_temple_entry_glass, uniq_sigmund, uniq_pikel
D:6:      layout_loops_cross, mainiacjoe_overflow_tiny_flanked

Skill      XL: |  1  2  3  4  5  6  7  8  9 |
---------------+----------------------------+-----
Dodging        | 2 3 |  3.1
Maces & Flails | 1 |  1.3
Spellcasting   | 3 5 6 |  6.0
Armour         | 1 2 3 |  3.3
Stealth        | 3 |  3.5
Short Blades   | 1 2 |  2.0
Shields        | 1 2 4 |  4.4
Conjurations   | 5 6 |  6.6
Fighting       | 1 2 |  2.6
Invocations    | 1 |  1.3

Action                   |  1- 3 |  4- 6 |  7- 9 || total
-------------------------+-------+-------+-------++-------
Melee: Whip              |    20 |     1 |       ||    21
       Bite              |     4 |    11 |    21 ||    36
       Short sword       |       |    42 |    35 ||    77
       Dagger            |       |       |    42 ||    42
 Cast: Magic Dart        |    54 |   114 |   108 ||   276
       Searing Ray       |     3 |    10 |    28 ||    41
Evoke: Wand              |       |       |     2 ||     2
  Use: Scroll            |     2 |     6 |     5 ||    13
       Potion            |       |       |     2 ||     2
 Stab: Sleeping          |       |     1 |       ||     1
       Invisible         |       |       |     2 ||     2
Armor: Robe              |     8 |       |       ||     8
       Leather armour    |     3 |    28 |    31 ||    62
Dodge: Dodged            |    20 |    40 |    79 ||   139
Block: Buckler           |     1 |    16 |    28 ||    45
